 Dungeon Crawl Stone Soup version 0.31-a0-202-g547052bce9 (webtiles) character file.

Game seed: 3583604399981913939

60 qw the Shooter (level 3, -5/20 HPs)
             Began as a Deep Elf Hunter on June 25, 2023.
             Slain by Terence
             ... wielding a +0 flail
              (8 damage)
             ... on level 2 of the Dungeon.
             The game lasted 00:00:27 (1114 turns).

qw the Shooter (Deep Elf Hunter)                    Turns: 1114, Time: 00:00:27

Health: -5/20      AC:  3    Str: 10    XL:     3   Next: 80%
Magic:  5/5        EV: 12    Int: 13    God:
Gold:   29         SH:  0    Dex: 18    Spells: 2/2 levels left

rFire   . . .        Y - +1 shortbow
rCold   . . .        (shield currently unavailable)
rNeg    + . .        c - +0 leather armour
rPois   .            (no helmet)
rElec   .            (no cloak)
rCorr   .            (no gloves)
SInv    .            (no boots)
Will    .....        (no amulet)
Stlth   ++           g - ring of positive energy
HPRegen 0.23/turn    (no ring)
MPRegen 0.09/turn

%: no passive effects
@: no status effects
A: no striking features
a: no special abilities


You were on level 2 of the Dungeon.
You visited 1 branch of the dungeon, and saw 2 of its levels.

You collected 29 gold pieces.


   Skills:
 - Level 1.5 Fighting
 + Level 7.3 Ranged Weapons
 - Level 2.4 Dodging
 - Level 1.2 Stealth


You had 2 spell levels left.
You didn't know any spells.
Your spell library was empty.

Inventory:

Hand Weapons
 Y - a +1 shortbow (weapon)
Armour
 c - a +0 leather armour (worn)
Jewellery
 g - a ring of positive energy (left hand)
Potions
 a - a potion of resistance {unknown}
 b - a potion of mutation {unknown}
 i - a potion of lignification {unknown}

Dungeon Overview and Level Annotations

Branches:
Dungeon (2/15)

Altars:

Shops:
D:1 =

Annotations:
D:2 Terence


Message History

Enter note: You shoot an arrow.
The arrow barely misses Terence.
You shoot an arrow.
The arrow barely misses the frilled lizard.
You shoot an arrow.
The arrow hits Terence but does no damage.
Terence is lightly wounded.
You shoot an arrow. The arrow hits Terence.
Terence is moderately wounded.
Terence closely misses you.
You shoot an arrow. The arrow hits Terence.
Terence is moderately wounded.
Terence hits you with a +0 flail.
You shoot an arrow. The arrow barely misses Terence.
The frilled lizard bites you. Terence barely misses you.
You shoot an arrow. The arrow hits Terence.
Terence is moderately wounded.
The frilled lizard misses you. Terence barely misses you.
You shoot an arrow. The arrow barely misses Terence.
The frilled lizard bites you but does no damage.
Terence barely misses you.
You shoot an arrow. The arrow closely misses Terence.
The frilled lizard closely misses you. Terence barely misses you.
You shoot an arrow.
The arrow hits Terence but does no damage.
Terence is moderately wounded.
The frilled lizard misses you. Terence hits you with a +0 flail!
You shoot an arrow. The arrow barely misses Terence.
The frilled lizard barely misses you. Terence barely misses you.
You shoot an arrow. The arrow barely misses Terence.
The frilled lizard barely misses you. Terence closely misses you.
You shoot an arrow. The arrow closely misses Terence.
The frilled lizard closely misses you. Terence screams, "I want your blood!"
Terence hits you with a +0 flail.
You shoot an arrow.
The arrow hits Terence but does no damage.
Terence is moderately wounded.
The frilled lizard closely misses you. Terence hits you with a +0 flail!
You die...

#####......#
...........#
.#.........#
.###.......# ######
..........##### ...[..
###.#.........####......
# #..).....##....[......
###.....................
##.........####.@#...$.
##)##.....## #..@l......
...............##%######
#..####...####. ...
#.##..##..# #. ....
..#[.).#..# #. .....
....#..# .# #. .....
#..##.## .# .$....
####)%#..#


You could see Terence and a frilled lizard.

Vanquished Creatures
  2 adders (D:2)
  A dart slug (D:1)
  4 ball pythons (D:1)
  4 bats
  4 endoplasms
  A giant cockroach (D:1)
  7 goblins
  3 hobgoblins
  2 kobolds (D:2)
  4 quokkas
  3 frilled lizards
35 creatures vanquished.

Notes
Turn   | Place    | Note
-------+----------+-------------------------------------------
     0 | D:1      | qw the Deep Elf Hunter began the quest for the Orb.
     0 | D:1      | Reached XP level 1. HP: 12/12 MP: 3/3
     0 | D:1      | 0 ||| qw: Version: 0.3-a-22-g0ed2b0b
     0 | D:1      | 0 ||| qw: Game counter: 5723
     0 | D:1      | 0 ||| qw: Melee chars always use a shield: true
     0 | D:1      | 0 ||| qw: God list: Okawaru
     0 | D:1      | 0 ||| qw: Allow faded altars: false
     0 | D:1      | 0 ||| qw: Do Orc after clearing Dungeon:15 true
     0 | D:1      | 0 ||| qw: Do second Lair branch before Depths: true
     0 | D:1      | 0 ||| qw: Lair rune preference: random
     0 | D:1      | 0 ||| qw: Goals: Normal
     0 | D:1      | 0 ||| PLANNING D:1-11
   138 | D:1      | Reached XP level 2. HP: 16/16 MP: 4/4
   201 | D:1      | Found Fiowooso's Jewellery Shoppe.
   206 | D:1      | 206 ||| SHOPLISTING +5 ring of evasion (468 gold, have 0).
   206 | D:1      | 206 ||| SHOPLISTING ring "Ylaoqumm" {rPois rCorr} (405
                  | gold, have 0).
   206 | D:1      | 206 ||| SHOPLISTING ring of poison resistance (260 gold,
                  | have 0).
   206 | D:1      | 206 ||| SHOPLISTING ring of protection from fire (325 gold,
                  | have 0).
   206 | D:1      | 206 ||| SHOPLISTING ring of see invisible (195 gold, have
                  | 0).
   250 | D:1      | Reached skill level 6 in Ranged Weapons
   465 | D:1      | 465 ||| FLEEEEING.
   865 | D:1      | 865 ||| UPGRADING to ring of positive energy.
   866 | D:1      | 866 ||| READING scroll labelled ASTRYE NAOLOIW VAIL.
   867 | D:1      | 867 ||| READING scroll labelled ZAURGH NYZEO.
   868 | D:1      | 868 ||| READING scroll labelled WAQOUL BESK.
   869 | D:1      | 869 ||| READING scroll labelled HODUTYPYET.
   870 | D:1      | 870 ||| DROPPING scroll of butterflies.
   934 | D:2      | Reached XP level 3. HP: 20/20 MP: 5/5
   979 | D:2      | Reached skill level 7 in Ranged Weapons
  1098 | D:2      | Noticed Terence
  1113 | D:2      | HP: 2/20 [Terence/+0 flail (5)]
  1114 | D:2      | Slain by Terence

Levels and vault maps discovered:
D:1:      dpeg_arrival_arbitrary_c, layout_basic, serial_shops,
          nicolae_shop_hallway_plus, serial_forest,
          infiniplex_forest_clump_tiny, infiniplex_forest_lined_4_way,
          infiniplex_forest_end_3, infiniplex_forest_straight_2,
          infiniplex_forest_clump_curved, infiniplex_forest_end_2,
          infiniplex_forest_lined_3, minmay_tetromino_o4
D:2:      layout_rooms, minmay_close_crescents, uniq_sigmund, uniq_terence

Skill      XL: |  1  2  3 |
---------------+----------+-----
Ranged Weapons | 6 7 |  7.3
Fighting       | |  1.5
Dodging        | |  2.4
Stealth        | |  1.2

Action                     || total
---------------------------++-------
   Fire: Shortbow          ||   107
    Use: Scroll            ||     4
 Armour: Leather armour    ||     9
  Dodge: Dodged            ||    34

Table legend:
 A = Non-vault XP
 B = Vault XP
 C = Vault XP percentage of total XP
 D = Non-vault monster count
 E = Vault monster count
 F = Vault count percentage of total count
                 A         B        C        D         E       F
            +---------+---------+-------+---------+---------+-------
      Total |      74 |      12 |  14.0 |      28 |       7 |  20.0
            +---------+---------+-------+---------+---------+-------
        D:1 |      27 |       6 |  18.2 |      15 |       3 |  16.7
        D:2 |      47 |       6 |  11.3 |      13 |       4 |  23.5
            +---------+---------+-------+---------+---------+-------
